 Dungeon Crawl Stone Soup version 0.27-a0-1188-g73eefd5def (webtiles) character file.

Game seed: 8659772820005176545

9198 wakim the Grappler (level 11, -3/105 HPs)
             Began as a Troll Fighter on May 21, 2021.
             Was an Elder of Qazlal.
             Slain by an orc warrior
             ... wielding a +0 glaive
              (18 damage)
             ... in a bailey.
             The game lasted 00:36:25 (8674 turns).

wakim the Grappler (Troll Fighter)                  Turns: 8674, Time: 00:36:25

Health: -3/105     AC:  5    Str: 28    XL:     11   Next: 19%
Magic:  14/14      EV: 11    Int:  5    God:    Qazlal [****..]
Gold:   502        SH: 16    Dex:  9    Spells: 10/10 levels left

rFire    . . .     SeeInvis .     - Unarmed
rCold    . . .     Faith    .   b - +0 kite shield
rNeg     . . .     Spirit   .   a - +0 robe
rPois    .         Reflect  .   (helmet restricted)
rElec    .         Harm     .   d - +0 cloak
rCorr    .         Rampage  .   (gloves unavailable)
Will     .....                  (boots unavailable)
Stlth    +.........             (no amulet)
HPRegen  1.27/turn              c - ring of flight
MPRegen  0.14/turn              (no ring)

@: flying, repel missiles
A: large, unfitting armour, claws 3, regeneration 1, shaggy fur 1, tough skin 1
a: Renounce Religion, Upheaval, Elemental Force


You were in a bailey.
You worshipped Qazlal.
Qazlal was greatly pleased with you.
You visited 2 branches of the dungeon, and saw 11 of its levels.
You also visited: Bailey.

You collected 502 gold pieces.

Inventory:

Missiles
 h - 5 curare-tipped darts (quivered) {=f}
Armour
 a - a +0 robe (worn)
 b - a +0 kite shield (worn)
 d - a +0 cloak (worn)
Jewellery
 c - a ring of flight (left claw)
Wands
 u - a wand of mindburst (1)
 v - a wand of flame (17)
 y - a wand of paralysis (6)
Scrolls
 g - 2 scrolls of enchant weapon
 r - 3 scrolls of identify
 T - 3 scrolls of teleportation
 Y - 2 scrolls of blinking {!r}
Potions
 D - 2 potions of brilliance
 E - 3 potions of cancellation
 F - 5 potions of curing
 G - a potion of flight
 H - a potion of haste
 K - 2 potions of magic
 N - 3 potions of might
 O - a potion of resistance


   Skills:
 + Level 6.3 Fighting
 + Level 6.2 Dodging
 * Level 8.5 Shields
 * Level 10.0 Unarmed Combat
 + Level 6.2 Invocations
 * Level 3.2 Evocations


You had 10 spell levels left.
You didn't know any spells.
Your spell library contained the following spells:

 Spells                   Type           Power      Damage    Failure   Level
 Freeze                   Ice            0%         1d3       50%         1
 Magic Dart               Conj           0%         1d3       50%         1
 Blink                    Tloc           N/A        N/A       65%         2
 Call Imp                 Summ           0%         N/A       65%         2
 Slow                     Hex            0%         N/A       65%         2
 Conjure Flame            Conj/Fire      0%         6-21      86%         3
 Frozen Ramparts          Ice            0%         1d2       86%         3
 Mephitic Cloud           Conj/Pois/Air  0%         N/A       86%         3
 Ozocubu's Armour         Ice            0%         N/A       86%         3
 Hailstorm                Conj/Ice       0%         3d3       99%         4
 Metabolic Englaciation   Hex/Ice        0%         N/A       100%        5


Dungeon Overview and Level Annotations

Branches:
Dungeon (10/15)            Temple (1/1) D:4             Orc (0/2) D:9
 Bailey (1/1)
   Lair: D:8-11

Altars:
Ashenzari
Cheibriados
Dithmenos
Elyvilon
Fedhas
Gozag
Hepliaklqana
Kikubaaqudgha
Makhleb
Nemelex Xobeh
Okawaru
Qazlal
Ru
Sif Muna
Trog
Uskayaw
Vehumet
Wu Jian
Xom
Yredelemnul
Zin
The Shining One

Annotations:
D:5 2 transporters, p0werm0de's ghost, novice GrFi


Innate Abilities, Weirdness & Mutations

You are too large for most types of armour.
You have claws for hands.
Your natural rate of healing is unusually fast.
You are covered in fur. (AC +1)
You have tough skin. (AC +1)


Message History

There is an empty arch of ancient stone, spattered with blood here.
Things that are here:
a +0 halberd; a +0 scale mail; an orc corpse
There is a gate leading back out of this place here.
You don't know any spells.
You start resting.
You hear a shout! x4
An orc warrior comes into view. It is wielding a +0 glaive.
An orc warrior is nearby!
Unknown command.
An orc warrior is nearby!
The orc knight roars a battlecry!
The orc warrior goes into a battle-frenzy!
You block the orc warrior's attack.
An orc warrior comes into view. It is wielding a +0 arbalest.
There is an empty arch of ancient stone, spattered with blood here.
Things that are here:
a +0 halberd; a +0 scale mail; an orc skeleton
There is a gate leading back out of this place here.
The orc warrior no longer looks unusually strong.
You block the orc warrior's attack.
You are too injured to fight recklessly!
You are too injured to fight recklessly!
You are too injured to fight recklessly!
You are too injured to fight recklessly!
You are too injured to fight recklessly!
You barely miss the orc warrior.
The orc warrior hits you with a +0 glaive.
* * * LOW HITPOINT WARNING * * *
You scratch the orc warrior but do no damage.
The orc warrior hits you with a +0 glaive!!
* * * LOW HITPOINT WARNING * * *
You closely miss the orc warrior.
You hear a shout!
The orc warrior is engulfed in blazing flames.
The orc warrior unwields a +0 arbalest.
You block the orc warrior's attack.
You closely miss the orc warrior.
The orc warrior is heavily wounded.
The orc warrior hits you with a +0 glaive!!
You die...

### ######
##∩#########
#.....##.)@##.....##
..≈≈≈..#.oo#..≈≈≈..#
.≈≈o≈≈.))..°.≈≈)≈≈.#
.≈.oo≈.......≈o∩)≈.+
.≈≈o≈≈.......≈≈)≈≈.#
..≈≈≈..#...#..≈≈≈..#
#.....##...##.....##
###### ##∩#########
###


You could see an orc knight and 4 orc warriors.

Vanquished Creatures
  Gastronok (D:8)
  A two-headed ogre (D:9)
  Maurice (D:8)
  2 kobold demonologists
  A hornet (D:9)
  Prince Ribbit (D:8)
  5 yaks (D:9)
  A vampire (D:8)
  A steam dragon (D:6)
  A water moccasin (D:6)
  2 ice beasts (D:6)
  2 sky beasts
  8 orc warriors
  2 black bears
  2 necrophages
  An ogre (D:7)
  A centaur (D:7)
  2 phantoms
  5 kobold brigands (D:9)
  A bullfrog (D:7)
  A gnoll sergeant (D:9)
  3 scorpions
  5 killer bees (D:9)
  9 wights
  A howler monkey (D:10)
  A centaur zombie (D:6)
  3 bullfrog zombies
  3 hounds
  2 jellies (D:5)
  4 orc priests
  Crazy Yiuf (D:4)
  A centaur skeleton (D:6)
  A bullfrog skeleton (D:6)
  2 iguanas (D:5)
  5 orc wizards
  A killer bee zombie (D:9)
  A hound skeleton (D:4)
  Robin (D:2)
  6 gnolls
  8 adders
  A howler monkey skeleton (D:7)
  A shadow imp (D:6)
  4 white imps
  An adder skeleton (D:5)
  A worm (D:2)
  A dart slug (D:1)
  53 orcs
  8 ball pythons
  6 endoplasms
  2 giant cockroaches
  21 goblins
  3 hobgoblins
  12 kobolds
  6 quokkas
  A bat (D:1)
  3 frilled lizards
  3 rats
227 creatures vanquished.

Vanquished Creatures (collateral kills)
  A centaur (D:10)
  A centaur zombie (D:10)
2 creatures vanquished.

Vanquished Creatures (others)
  An orc wizard (D:7)
  A plant (D:4)
2 creatures vanquished.

Grand Total: 231 creatures vanquished

Notes
Turn   | Place    | Note
-------+----------+-------------------------------------------
     0 | D:1      | wakim the Troll Fighter began the quest for the Orb.
     0 | D:1      | Reached XP level 1. HP: 22/22 MP: 0/0
    51 | D:1      | Reached XP level 2. HP: 24/29 MP: 1/1
   361 | D:1      | Found a faded altar of an unknown god.
   706 | D:2      | Reached XP level 3. HP: 36/36 MP: 2/2
   860 | D:2      | Noticed Robin
   872 | D:2      | Killed Robin
   893 | D:2      | Reached skill level 3 in Unarmed Combat
   937 | D:2      | Reached XP level 4. HP: 44/44 MP: 3/3
  1794 | D:3      | Reached XP level 5. HP: 52/52 MP: 4/4
  2152 | D:4      | Found a staircase to the Ecumenical Temple.
  2159 | Temple   | Entered the Ecumenical Temple
  2180 | Temple   | Became a worshipper of Qazlal Stormbringer
  2427 | D:4      | Noticed a sky beast
  2445 | D:4      | Killed a sky beast
  2446 | D:4      | Reached skill level 1 in Invocations
  2572 | D:4      | Reached skill level 4 in Unarmed Combat
  2572 | D:4      | Reached XP level 6. HP: 61/61 MP: 5/5
  2591 | D:4      | Found a runed translucent door.
  2592 | D:4      | Noticed Crazy Yiuf
  2600 | D:4      | Killed Crazy Yiuf
  2636 | D:4      | Found a blossoming altar of Fedhas.
  3208 | D:4      | Reached XP level 7. HP: 43/67 MP: 7/7
  3219 | D:4      | Reached * piety under Qazlal
  3484 | D:5      | Entered Level 5 of the Dungeon
  3545 | D:5      | Reached skill level 5 in Fighting
  3545 | D:5      | Reached skill level 5 in Dodging
  3545 | D:5      | Reached skill level 8 in Unarmed Combat
  3545 | D:5      | Reached XP level 8. HP: 80/80 MP: 7/10
  3743 | D:5      | Reached skill level 5 in Invocations
  3776 | D:5      | Found a transporter.
  3833 | D:5      | Found a shimmering altar of Xom.
  3992 | D:5      | Found a radiant altar of Vehumet.
  4155 | D:5      | Found a transporter.
  4157 | D:5      | Noticed p0werm0de's ghost (novice GrFi)
  4645 | D:5      | Found a broken altar of Ashenzari.
  4767 | D:6      | Found a shimmering blue altar of Sif Muna.
  4767 | D:6      | Found a hazy altar of Hepliaklqana.
  4767 | D:6      | Found an ornate altar of the Wu Jian Council.
  4767 | D:6      | Found a hide-covered altar of Uskayaw.
  4802 | D:6      | Identified the +7 mace of Fiklul {protect, Str+4 Dex+3}
  4875 | D:6      | Reached XP level 9. HP: 88/88 MP: 11/11
  4921 | D:6      | Found a basalt altar of Yredelemnul.
  4977 | D:6      | Found a white marble altar of Elyvilon.
  5570 | D:7      | Reached ** piety under Qazlal
  6027 | D:7      | Found a sparkling altar of Nemelex Xobeh.
  6037 | D:7      | Reached skill level 9 in Unarmed Combat
  6270 | D:8      | Noticed Gastronok
  6311 | D:8      | Killed Gastronok
  6312 | D:8      | Reached skill level 1 in Evocations
  6312 | D:8      | Reached XP level 10. HP: 64/98 MP: 13/13
  6426 | D:8      | Noticed Maurice
  6523 | D:8      | Noticed Prince Ribbit
  6533 | D:8      | Killed Prince Ribbit
  6819 | D:8      | Killed Maurice
  7164 | D:9      | Reached *** piety under Qazlal
  7631 | D:9      | Identified the +4 trident of Lylaer {vamp, Str+6}
  7979 | D:9      | Found a staircase to the Orcish Mines.
  8117 | D:10     | Entered Level 10 of the Dungeon
  8133 | D:10     | Noticed a rust devil
  8144 | D:9      | Reached XP level 11. HP: 33/105 MP: 14/14
  8167 | D:10     | Noticed a two-headed ogre
  8172 | D:9      | HP: 3/105 [two-headed ogre/+0 giant club (13)]
  8177 | D:9      | Killed a two-headed ogre
  8260 | D:10     | Reached **** piety under Qazlal
  8408 | D:10     | Found a flagged portal.
  8416 | D:10     | Noticed a seven-headed hydra
  8418 | Bailey   | Entered a bailey
  8419 | Bailey   | Noticed an orc knight
  8419 | Bailey   | Noticed an orc knight
  8444 | Bailey   | Reached skill level 10 in Unarmed Combat
  8674 | Bailey   | Slain by an orc warrior

Illustrated notes

Levels and vault maps discovered:
D:1:      lemuel_arrival_cross, layout_basic, hellmonk_ecumenical_altar_run_dry
D:2:      layout_loops_corners, minmay_unequal, uniq_robin
D:3:      layout_basic
D:4:      layout_basic, fedhas_altar_1, minmay_temple_entry_overgrown,
          chequers_arboretum, minmay_starry_boxes, uniq_crazy_yiuf_cottage
D:5:      layout_layer_cave, kennysheep_little_box, lemuel_crystal_altar,
          nicolae_vehumet_radiance, gammafunk_ghost_stat_death
D:6:      minmay_skewed_foursquare, layout_rooms, kennysheep_ying_yang,
          chequers_temple_overflow_statue_of_worship,
          wad_floor_pattern_untrapped, minmay_misc_feat_roman
D:7:      layout_basic, nemelex_dance_club_becter, moated_statue,
          minmay_misc_feat_hallway
D:8:      layout_basic, uniq_maurice, uniq_prince_ribbit1, uniq_gastronok
D:9:      cheibrodos_iron_armory, layout_basic, hiddenorc1_lemuel,
          grunt_decor_arrowhead
D:10:     minmay_the_grid_triangle_9x9_recursive_2
          [minmay_the_grid_triangle_9x9_prize_special,
          minmay_the_grid_triangle_9x9_intruding_spiral,
          minmay_the_grid_triangle_9x9_skeleton,
          minmay_the_grid_triangle_9x9_fully_insulated_deathbox], layout_basic,
          david_lair_generic, enter_bailey_3, minivault_16, uniq_grum
Temple:   grunt_temple_mini_profane
Bailey:   bailey_polearm_4, bailey

Skill      XL: |  1  2  3  4  5  6  7  8  9 10 11 |
---------------+----------------------------------+-----
Shields        | 3 4 7 8 |  8.5
Unarmed Combat | 3 4 8 9 10 | 10.0
Dodging        | 3 5 6 |  6.2
Fighting       | 3 5 6 |  6.3
Invocations    | 1 2 4 5 6 |  6.2
Evocations     | 1 2 3 |  3.2

Action                   |  1- 3 |  4- 6 |  7- 9 | 10-12 || total
-------------------------+-------+-------+-------+-------++-------
Melee: Unarmed           |   104 |   177 |   225 |   237 ||   743
Throw: Dart              |       |     1 |     4 |     4 ||     9
Invok: Upheaval          |       |       |       |     2 ||     2
Evoke: Wand              |       |       |     1 |     1 ||     2
  Use: Scroll            |     4 |     5 |     8 |     2 ||    19
       Potion            |       |       |     1 |     1 ||     2
 Stab: Sleeping          |     1 |       |       |       ||     1
       Paralysed         |       |       |       |     3 ||     3
Armor: Robe              |    24 |    40 |    38 |    22 ||   124
       Skin              |       |       |       |    16 ||    16
Dodge: Dodged            |    23 |    39 |    62 |    93 ||   217
Block: Kite shield       |    34 |    71 |   121 |   244 ||   470

Table legend: (Time is in decaauts)
 A = Elapsed time spent in this place.
 B = Non-inter-level travel time spent in this place.
 C = Inter-level travel time spent in this place.
 D = Time resting spent in this place.
 E = Time spent auto-exploring this place.
 F = Levels seen in this place.
 G = Mean time per level.
                   A        B        C        D        E       F      G
               +--------+--------+--------+--------+--------+-----+--------+
         Total |   8677 |   8402 |    275 |    293 |   6242 |  12 |  723.1 |
       Dungeon |   8169 |   7929 |    240 |    150 |   6139 |  10 |  816.9 |
        Temple |    255 |    220 |     35 |      0 |    103 |   1 |  255.0 |
        Bailey |    252 |    252 |      0 |    143 |      0 |   1 |  252.0 |
               +--------+--------+--------+--------+--------+-----+--------+

Top non-repeatable levels by time:
     D:5: 1250 daAuts
     D:8: 1177 daAuts
     D:4: 1122 daAuts
     D:2: 1052 daAuts
     D:9: 940 daAuts
     D:7: 700 daAuts
     D:6: 647 daAuts
     D:1: 599 daAuts
     D:3: 491 daAuts
  Temple: 255 daAuts
  Bailey: 252 daAuts
    D:10: 187 daAuts
